 Dungeon Crawl Stone Soup version 0.25-a0-597-gb30770a (webtiles) character file.

Game seed: 3894948226415106590, levelgen mode: deterministic

38872 Trolling the Brawler (level 13, -4/198 HPs)
             Began as a Troll Fighter on Mar 14, 2020.
             Was a High Priest of Okawaru.
             Slain by a frost giant
             ... wielding a +0 battleaxe of freezing
              (26 damage)
             ... on level 15 of the Dungeon.
             The game lasted 00:40:37 (12366 turns).

Trolling the Brawler (Troll Fighter)               Turns: 12366, Time: 00:40:38

Health: -4/198     AC: 26    Str: 34    XL:     13   Next: 66%
Magic:  13/13      EV:  1    Int:  4    God:    Okawaru [*****.]
Gold:   685        SH: 12    Dex:  9    Spells: 12/12 levels left

rFire    . . .     SeeInvis .     - Unarmed
rCold    . . .     Gourm    +   b - +0 kite shield
rNeg     + + +     Faith    .   (armour currently unavailable)
rPois    +         Spirit   .   (helmet currently unavailable)
rElec    .         Reflect  .   (cloak currently unavailable)
rCorr    .         Harm     .   (gloves unavailable)
MR       +....     NoTele   +   (boots unavailable)
Stlth    +.........             O - amulet of magic regeneration
HPRegen  0.83/turn              o - +3 ring of strength
MPRegen  0.38/turn              y - ring of protection from magic

@: lethally poisoned (-4 -> -4), tree-form
A: large, unfitting armour, fast metabolism 3, gourmand, regeneration 1
a: Heroism, Finesse, Renounce Religion


You were on level 15 of the Dungeon.
You worshipped Okawaru.
Okawaru was extremely pleased with you.
You were not hungry.
You were a tree.
You visited 2 branches of the dungeon, and saw 16 of its levels.
You visited the Abyss 1 time.

You collected 685 gold pieces.

Inventory:

Missiles
 q - 36 poisoned darts
 z - 12 datura-tipped darts
 A - 3 boomerangs
 C - 9 javelins
 F - 16 silver javelins
 I - 10 large rocks (quivered)
 M - 2 curare-tipped darts
 S - a throwing net
Armour
 b - a +0 kite shield (worn)
 i - a +0 cloak (melded)
 k - a +1 tower shield of resistance
 u - a +1 tower shield
 G - +0 acid dragon scales (melded)
 P - a +2 robe of cold resistance
 R - a +0 robe of magic resistance
 T - the +2 robe "Notogaeh" {rElec rPois}
   (Okawaru gifted it to you on level 13 of the Dungeon)

   It insulates you from electricity.
   It protects you from poison.
Jewellery
 g - an uncursed ring of ice
 o - a +3 ring of strength (left branch)
 y - a ring of protection from magic (right branch)
 J - an uncursed ring of magical power
 O - an amulet of magic regeneration (around neck)
 Q - an uncursed ring of ice
Wands
 a - a wand of acid (18)
 n - a wand of digging (11)
 t - a wand of random effects (18)
 N - a wand of flame (17)
Scrolls
 h - 11 scrolls of teleportation
 j - 9 scrolls of remove curse
 m - 2 scrolls of immolation
 r - 4 scrolls of enchant armour
 s - 3 scrolls of fog
 w - a scroll of magic mapping
 K - a scroll of fear
 L - a scroll of holy word
Potions
 c - 5 potions of might
 e - 4 potions of mutation
 f - a potion of lignification
 l - 2 potions of magic {unknown}
 p - 4 potions of curing
 v - 4 potions of flight {unknown}
 B - 2 potions of degeneration {unknown}
 D - 3 potions of heal wounds {unknown}
 E - 3 potions of resistance {unknown}
 H - 2 potions of stabbing {unknown}
 V - a potion of berserk rage {unknown}
Comestibles
 d - 31 rations


   Skills:
 + Level 9.7 Fighting
 + Level 11.6 Throwing
 - Level 2.4 Dodging
 + Level 9.7 Shields
 * Level 15.0 Unarmed Combat
 - Level 2.0 Invocations


You had 12 spell levels left.
You didn't know any spells.
Your spell library contained the following spells:

 Spells                   Type           Power        Failure   Level  Hunger
 Shock                    Conj/Air       #...         50%         1    ##.....
 Swiftness                Chrm/Air       #.......     65%         2    ###....
 Static Discharge         Conj/Air       #.......     86%         3    ####...
 Airstrike                Air            #.........   99%         4    #####..
 Lightning Bolt           Conj/Air       #.........   100%        5    ######.


Dungeon Overview and Level Annotations

Branches:
Dungeon (14/15)            Temple (1/1) D:5            Lair (0/6) D:11
    Orc (0/2) D:9
 Vaults: D:13-14

Altars:
Ashenzari
Cheibriados
Dithmenos
Elyvilon
Fedhas
Gozag
Hepliaklqana
Makhleb
Nemelex Xobeh
Okawaru
Qazlal
Ru
Sif Muna
Uskayaw
Vehumet
Wu Jian
Xom
Yredelemnul
Zin
Beogh

Shops:
D:4 }   D:5 =   D:7 %

Annotations:
D:11 exclusion: door


Innate Abilities, Weirdness & Mutations

You are too large for most types of armour.
((You have claws for hands.))
Your metabolism is lightning-fast.
You like to eat raw meat.
Your natural rate of healing is unusually fast.
((You are covered in fur. (AC +1)))
((You have extremely tough skin. (AC +3)))


Message History

The frost giant hits you with a +0 battleaxe of freezing.
* * * LOW HITPOINT WARNING * * *
The frost giant freezes you.
* * * LOW HITPOINT WARNING * * *
You pummel the frost giant!!
The frost giant is heavily wounded.
You pummel the frost giant!!
The frost giant is severely wounded.
You feel sick. You block the spriggan rider's attack.
The spriggan rider hits you but does no damage.
You block the frost giant's attack.
You pummel the frost giant!!
The frost giant is almost dead.
The spriggan rider completely misses you.
You block the spriggan rider's attack.
You hit the frost giant but do no damage.
The frost giant is almost dead.
You feel sick.
The frost giant hits you with a +0 battleaxe of freezing!!
You die...

## .## # ..# #. .i#
####'###C####
##(...i.♣....#
##+#.....#.......#
#...................
+.......#...........
##...................
###.......#............
##.....#..............#.
##.....#...#............
....................


You could see a frost giant and 2 spriggan riders.

Vanquished Creatures
  A lich (Abyss:3)
  2 tentacled starspawn (Abyss:3)
  Louise (D:14)
  Nessos (D:13)
  A great orb of eyes (D:15)
  Fannar (D:10)
  2 vault guards (D:15)
  3 two-headed ogres
  A thrashing horror (Abyss:3)
  An unseen horror (D:11)
  A spatial maelstrom (Abyss:3)
  The ghost of alcopop the Grave Robber, a novice OpNe of Ashenzari (D:6)
  A salamander (shapeshifter) (D:13)
  A cyclops (D:12)
  7 ugly things
  5 manticores
  A centaur zombie (D:11)
  A smoke demon (Abyss:3)
  An orange demon (Abyss:3)
  A gargoyle (D:10)
  An efreet (D:12)
  Maggie (D:6)
  A rime drake (shapeshifter) (Abyss:3)
  5 trolls
  5 hornets
  Prince Ribbit (D:8)
  3 hippogriffs
  A wraith (D:12)
  A vampire (Abyss:3)
  3 flying skulls (Abyss:3)
  A spriggan (D:15)
  An alligator skeleton (Abyss:3)
  2 shadows (D:12)
  A centaur simulacrum (D:12)
  9 yaks
  Sigmund (D:3)
  A ynoxinul (Abyss:3)
  A fire elemental (Abyss:3)
  A wyvern (D:6)
  Eustachio (D:6)
  A human (shapeshifter) (D:12)
  3 hungry ghosts
  Duvessa (D:6)
  An acid dragon (D:12)
  3 soldier ants
  7 orc warriors
  2 water moccasins
  A floating eye (D:15)
  3 ice beasts
  4 sky beasts
  A necrophage (D:6)
  4 black bears
  An eye of draining (D:12)
  2 phantoms
  5 ogres
  3 wolves
  A boggart (D:15)
  8 centaurs
  A crocodile (D:11)
  5 big kobolds
  Blork the orc (D:4)
  13 bullfrogs
  2 wyvern zombies
  Dowan (D:6)
  3 scorpions
  8 killer bees
  A water moccasin skeleton (D:5)
  9 wights
  2 electric eels (D:11)
  5 howler monkeys
  10 crimson imps
  A quasit (D:9)
  4 jellies
  17 hounds
  7 orc priests
  A bullfrog skeleton (D:7)
  10 orc wizards
  5 centaur skeletons
  11 worker ants
  6 iguanas
  A killer bee zombie (D:10)
  A hound skeleton (D:6)
  A howler monkey zombie (D:11)
  A worker ant zombie (D:5)
  Robin (D:2)
  16 gnolls
  13 adders
  3 howler monkey skeletons
  2 shadow imps
  2 oozes (D:1)
  2 adder zombies
  5 worms
  2 adder skeletons
  A dart slug (D:4)
  3 leopard geckos
  47 orcs
  2 ball pythons
  5 giant cockroaches
  18 goblins
  6 hobgoblins
  20 jackals
  3 quokkas
  8 bats
  4 frilled lizards
  28 kobolds
  A leopard gecko zombie (D:6)
  A quokka zombie (D:5)
  4 rats
450 creatures vanquished.

Vanquished Creatures (others)
  4 starspawn tentacles (Abyss:3)
4 creatures vanquished.

Grand Total: 454 creatures vanquished

Notes
Turn   | Place    | Note
-------+----------+-------------------------------------------
     0 | D:1      | Trolling the Troll Fighter began the quest for the Orb.
     0 | D:1      | Reached XP level 1. HP: 22/22 MP: 0/0
    86 | D:1      | Reached XP level 2. HP: 24/29 MP: 1/1
   117 | D:1      | Reached XP level 3. HP: 32/36 MP: 2/2
   160 | D:1      | Reached skill level 3 in Unarmed Combat
   748 | D:2      | Reached XP level 4. HP: 36/44 MP: 3/3
  1043 | D:2      | Noticed Robin
  1079 | D:2      | Killed Robin
  1223 | D:2      | Noticed a sky beast
  1224 | D:2      | Reached XP level 5. HP: 53/53 MP: 4/4
  1240 | D:2      | Killed a sky beast
  1240 | D:2      | Reached skill level 4 in Unarmed Combat
  1672 | D:2      | Reached XP level 6. HP: 61/61 MP: 5/5
  1772 | D:3      | Found a stormy altar of Qazlal.
  1824 | D:3      | Noticed Sigmund
  1829 | D:3      | Killed Sigmund
  1829 | D:3      | Reached skill level 5 in Unarmed Combat
  2066 | D:3      | Found a blossoming altar of Fedhas.
  2097 | D:3      | Found a glowing silver altar of Zin.
  2098 | D:3      | Found an opulent altar of Gozag.
  2267 | D:4      | Upgraded the game from 0.25-a0-592-g443c2f7 to
                  | 0.25-a0-597-gb30770a
  2389 | D:4      | Reached XP level 7. HP: 68/68 MP: 6/6
  2682 | D:4      | Found Ytwivoh's Gadget Boutique.
  2736 | D:4      | Noticed Blork the orc
  2748 | D:4      | Killed Blork the orc
  2748 | D:4      | Reached skill level 6 in Unarmed Combat
  2958 | D:5      | Entered Level 5 of the Dungeon
  3263 | D:5      | Reached XP level 8. HP: 70/79 MP: 7/7
  3359 | D:5      | Reached skill level 7 in Unarmed Combat
  3550 | D:5      | Found Wuemazxi's Jewellery Emporium.
  3609 | D:5      | Reached skill level 5 in Fighting
  3609 | D:5      | Reached skill level 5 in Shields
  3627 | D:5      | Found a staircase to the Ecumenical Temple.
  3652 | Temple   | Entered the Ecumenical Temple
  3829 | Temple   | Became a worshipper of Warmaster Okawaru
  3926 | D:5      | Reached skill level 8 in Unarmed Combat
  4105 | D:6      | Found a runed translucent door.
  4106 | D:6      | Noticed alcopop's ghost (novice OpNe)
  4107 | D:6      | Noticed Eustachio
  4123 | D:6      | Killed Eustachio
  4270 | D:6      | Reached XP level 9. HP: 86/88 MP: 8/8
  4278 | D:6      | Noticed Dowan
  4278 | D:6      | Noticed Duvessa
  4302 | D:6      | Killed Duvessa
  4302 | D:6      | Reached * piety under Okawaru
  4427 | D:6      | Killed Dowan
  4432 | D:6      | Reached skill level 1 in Invocations
  4565 | D:6      | Reached skill level 9 in Unarmed Combat
  4584 | D:6      | Reached skill level 1 in Throwing
  4681 | D:6      | Found a hide-covered altar of Uskayaw.
  4695 | D:6      | Found an ornate altar of the Wu Jian Council.
  4799 | D:6      | Noticed Maggie
  4813 | D:6      | Killed Maggie
  4861 | D:6      | Reached ** piety under Okawaru
  5007 | D:6      | Found a burning altar of Makhleb.
  5188 | D:6      | Killed alcopop's ghost
  5188 | D:6      | Reached skill level 10 in Unarmed Combat
  5188 | D:6      | Reached XP level 10. HP: 88/98 MP: 8/10
  5350 | D:7      | Found Wusozela's Food Boutique.
  5423 | D:7      | Reached *** piety under Okawaru
  5543 | D:7      | Reached skill level 5 in Throwing
  6145 | D:8      | Noticed Prince Ribbit
  6168 | D:8      | Killed Prince Ribbit
  6312 | D:8      | Reached skill level 11 in Unarmed Combat
  6520 | D:9      | Reached **** piety under Okawaru
  6619 | D:9      | Found a shattered altar of Ashenzari.
  6730 | D:9      | Noticed a red ugly thing
  6741 | D:9      | Killed a red ugly thing
  6942 | D:9      | Found a shadowy altar of Dithmenos.
  6949 | D:9      | Received a gift from Okawaru
  6968 | D:9      | Found a staircase to the Orcish Mines.
  6977 | D:9      | Found a roughly hewn altar of Beogh.
  6979 | D:9      | Reached XP level 11. HP: 109/109 MP: 11/11
  7173 | D:10     | Entered Level 10 of the Dungeon
  7542 | D:10     | Received a gift from Okawaru
  7779 | D:10     | Noticed Fannar
  7790 | D:10     | Killed Fannar
  7956 | D:11     | Reached ***** piety under Okawaru
  7956 | D:11     | Received a gift from Okawaru
  7957 | D:11     | Found a staircase to the Lair.
  7978 | D:10     | Reached skill level 12 in Unarmed Combat
  8402 | D:11     | Killed an unseen horror
  8402 | D:11     | Received a gift from Okawaru
  8672 | D:11     | Found a sacrificial altar of Ru.
  9031 | D:12     | Noticed a green ugly thing
  9032 | D:12     | Noticed a six-headed hydra
  9052 | D:11     | Killed a green ugly thing
  9256 | D:12     | Reached XP level 12. HP: 36/119 MP: 12/12
  9731 | D:12     | Reached skill level 13 in Unarmed Combat
  9940 | D:12     | Noticed a two-headed ogre
  9949 | D:12     | Killed a two-headed ogre
 10557 | D:13     | Received a gift from Okawaru
 10557 | D:13     | Reached skill level 10 in Throwing
 10795 | D:13     | Noticed Nessos
 10808 | D:13     | Killed Nessos
 10808 | D:13     | Received a gift from Okawaru
 10812 | D:13     | Got a fine robe {god gift}
 10823 | D:13     | Identified the +2 robe "Notogaeh" {rElec rPois} (Okawaru
                  | gifted it to you on level 13 of the Dungeon)
 11259 | D:13     | Found a white marble altar of Elyvilon.
 11322 | D:14     | Noticed a two-headed ogre
 11330 | D:14     | Killed a two-headed ogre
 11436 | D:14     | Noticed a two-headed ogre
 11438 | D:14     | Noticed Louise
 11443 | D:14     | Killed a two-headed ogre
 11459 | D:14     | Cast into level 3 of the Abyss (Louise)
 11492 | Abyss:3  | Found a corrupted altar of Lugonu.
 11618 | Abyss:3  | Reached skill level 14 in Unarmed Combat
 11695 | Abyss:3  | Reached XP level 13. HP: 76/131 MP: 13/13
 11739 | Abyss:3  | Noticed a tentacled starspawn
 11745 | Abyss:3  | Killed a tentacled starspawn
 11756 | Abyss:3  | Noticed a lich
 11768 | Abyss:3  | Killed a lich
 11882 | Abyss:3  | Received a gift from Okawaru
 11886 | Abyss:3  | Noticed a tentacled starspawn
 11897 | Abyss:3  | Killed a tentacled starspawn
 11899 | D:14     | Escaped the Abyss
 11913 | D:14     | Received a gift from Okawaru
 12010 | D:14     | Killed Louise
 12084 | D:14     | Received a gift from Okawaru
 12226 | D:14     | You fall into a shaft and drop 1 floor!
 12226 | D:15     | Entered Level 15 of the Dungeon
 12238 | D:15     | Paralysed by a floating eye for 2 turns
 12312 | D:15     | Noticed a frost giant
 12340 | D:15     | Received a gift from Okawaru
 12351 | D:15     | Reached skill level 15 in Unarmed Combat
 12361 | D:15     | Noticed a frost giant
 12366 | D:15     | Slain by a frost giant

Levels and vault maps discovered:
D:1:      ebering_trefoil_twist, layout_loops_ring
D:2:      layout_basic, first_ration, minmay_misc_feat_four_crosses, uniq_robin
D:3:      layout_basic, grunt_temple_overflow_gold_and_silver,
          grunt_temple_overflow_forces_of_nature, hex_intersection, uniq_sigmund
D:4:      layout_loops_ring, serial_shops, shop, uniq_blork_the_orc
D:5:      layout_basic, minmay_temple_entry_glass, serial_shops,
          nicolae_shop_statue_plus
D:6:      layout_loops_ring, overflow_temple_1_default,
          overflow_temple_1_default, makhleb_blood_cavern_becter,
          ebering_ghost_sewer_d, grunt_ministairs_12, minmay_manual_mares,
          uniq_eustachio, uniq_duvessa, uniq_maggie
D:7:      layout_rooms, serial_shops, shop, serial_bayou_pond_a
D:8:      layout_rooms, uniq_prince_ribbit1
D:9:      layout_cave_pools, lemuel_round_altar, marbit_many_paths,
          minmay_orc_entry_temple_small
D:10:     layout_long_grid, uniq_fannar
D:11:     layout_roguey, erik_lair_island, hangedman_pestilent_swarm,
          serial_park_tiny_2, hangedman_ru_absence
D:12:     layout_big_octagon, minmay_hedge_maze,
          minmay_fractal_squares_gapless_7
D:13:     layout_irregular_city, elyvilon_altar_4, uniq_nessos
D:14:     layout_basic, david_vaults_4, corexii_leaking_fountain, uniq_roxanne,
          uniq_josephine, uniq_louise
D:15:     hangedman_spin_cycle, uniq_azrael
Temple:   nicolae_temple_figure_eight

Skill      XL: |  1  2  3  4  5  6  7  8  9 10 11 12 13 |
---------------+----------------------------------------+-----
Unarmed Combat | 3 4 5 6 8 10 11 12 14 15 | 15.0
Fighting       | 3 4 5 6 7 8 9 |  9.7
Shields        | 3 4 5 6 7 8 9 |  9.7
Invocations    | 2 |  2.0
Throwing       | 4 6 8 10 11 | 11.6
Dodging        | |  2.4

Action                   |  1- 3 |  4- 6 |  7- 9 | 10-12 | 13-15 || total
-------------------------+-------+-------+-------+-------+-------++-------
Melee: Unarmed           |    79 |   167 |   303 |   803 |    94 ||  1446
Throw: Dart              |       |       |     4 |     3 |       ||     7
       Boomerang         |       |       |       |    15 |       ||    15
       Large rock        |       |       |       |     3 |     4 ||     7
Invok: Heroism           |       |       |     3 |    15 |     8 ||    26
       Finesse           |       |       |       |     1 |     1 ||     2
  Use: Scroll            |       |       |    13 |     7 |     1 ||    21
       Potion            |       |       |       |       |     1 ||     1
  Eat: Chunk             |    12 |    16 |    25 |    67 |       ||   120
       Ration            |       |       |       |       |     2 ||     2
Armor: Robe              |    27 |    40 |    45 |       |       ||   112
       Acid dragon scale |       |       |     8 |   275 |    16 ||   299
       Skin              |       |       |       |       |    12 ||    12
Dodge: Dodged            |    20 |    53 |    61 |   251 |    18 ||   403
Block: Kite shield       |    28 |    67 |   152 |   466 |    37 ||   750

Table legend:
 A = Non-vault XP
 B = Vault XP
 C = Vault XP percentage of total XP
 D = Non-vault monster count
 E = Vault monster count
 F = Vault count percentage of total count
                 A         B        C        D         E       F
            +---------+---------+-------+---------+---------+-------
      Total |   39571 |   15961 |  28.7 |     379 |      71 |  15.8
            +---------+---------+-------+---------+---------+-------
        D:1 |      78 |       0 |   0.0 |      27 |       0 |   0.0
        D:2 |     266 |      36 |  11.9 |      25 |      12 |  32.4
        D:3 |      32 |     212 |  86.9 |      14 |       1 |   6.7
        D:4 |     225 |      99 |  30.6 |      24 |       1 |   4.0
        D:5 |    1340 |       0 |   0.0 |      33 |       0 |   0.0
        D:6 |    1161 |    2330 |  66.7 |      21 |      14 |  40.0
        D:7 |    1573 |       0 |   0.0 |      46 |       0 |   0.0
        D:8 |    1501 |     255 |  14.5 |      36 |       1 |   2.7
        D:9 |    1599 |     421 |  20.8 |      18 |       9 |  33.3
       D:10 |    2352 |    1179 |  33.4 |      28 |       4 |  12.5
       D:11 |    4377 |    1188 |  21.3 |      32 |       9 |  22.0
       D:12 |    5068 |    3665 |  42.0 |      32 |      12 |  27.3
       D:13 |    2970 |    1344 |  31.2 |      17 |       1 |   5.6
       D:14 |    4478 |    1677 |  27.2 |      10 |       1 |   9.1
       D:15 |     220 |    3555 |  94.2 |       1 |       6 |  85.7
    Abyss:3 |   12331 |       0 |   0.0 |      15 |       0 |   0.0
            +---------+---------+-------+---------+---------+-------
